 Dungeon Crawl Stone Soup version 0.29-a0-1009-g60c99734e7 (webtiles) character file.

Game seed: 6420635230841365928

23784 drpainis the Unseen (level 12, -1/58 HPs)
             Began as a Spriggan Enchanter on Aug 9, 2022.
             Was an Elder of Dithmenos.
             Succumbed to Amaemon's poison
             ... on level 2 of the Lair of Beasts.
             The game lasted 00:39:48 (25996 turns).

drpainis the Unseen (Spriggan Enchanter)           Turns: 25996, Time: 00:39:49

Health: -1/58      AC:  3    Str:  4    XL:     12   Next: 74%
Magic:  5/28       EV: 21    Int: 21    God:    Dithmenos [****..]
Gold:   492        SH:  0    Dex: 16    Spells: 13/34 levels left

rFire   + . .      SeeInvis +   t - +2 dagger (venom)
rCold   + . .      Faith    .   (no shield)
rNeg    . . .      Spirit   +   b - +0 robe
rPois   +          Reflect  .   (helmet restricted)
rElec   +          Harm     .   s - +0 cloak
rCorr   +          Rampage  .   (gloves unavailable)
Will    ++...                   (boots unavailable)
Stlth   ++++++++++              G - amulet of guardian spirit
HPRegen 0.19/turn               c - ring of poison resistance
MPRegen 0.21/turn               e - ring of poison resistance

@: lethally poisoned (-1 -> -6), resistant, flying, wreathed by umbra, very
quick
A: very small, no large weapons, unfitting armour, see invisible, speed 3
a: Renounce Religion, Shadow Step


You were on level 2 of the Lair of Beasts.
You worshipped Dithmenos.
Dithmenos was greatly pleased with you.
You visited 2 branches of the dungeon, and saw 13 of its levels.

You collected 996 gold pieces.
You spent 504 gold pieces at shops.

Inventory:

Hand Weapons
 a - a +1 dagger
 t - a +2 dagger of venom (weapon)
 N - a +2 dagger of venom
Missiles
 S - 5 throwing nets (quivered)
Armour
 b - a +0 robe (worn)
 o - a scarf of invisibility
 s - a +0 cloak (worn)
Jewellery
 c - a ring of poison resistance (left hand)
 e - a ring of poison resistance (right hand)
 f - a ring of poison resistance
 m - a +6 ring of strength
 v - a ring of willpower
 B - a +6 ring of intelligence
 G - an amulet of guardian spirit (around neck)
 K - a +6 ring of strength
 R - a ring of magical power
Wands
 w - a wand of flame (47)
 E - a wand of mindburst (5)
 I - a wand of charming (21)
 L - a wand of iceblast (3)
 T - a wand of polymorph (2)
Scrolls
 h - 2 scrolls of enchant armour
 i - 6 scrolls of immolation
 j - 6 scrolls of teleportation
 n - 2 scrolls of noise
 p - 4 scrolls of butterflies
 u - 2 scrolls of magic mapping
 x - a scroll of fear
 y - a scroll of silence {unknown}
 D - a scroll of enchant weapon {unknown}
 J - 3 scrolls of amnesia
 M - 2 scrolls of vulnerability
 P - a scroll of torment {unknown}
 Q - 2 scrolls of identify
 U - a scroll of blinking {unknown}
Potions
 d - 3 potions of degeneration
 g - a potion of flight
 k - 2 potions of haste {unknown}
 q - a potion of might {unknown}
 r - 4 potions of attraction
 z - 3 potions of brilliance {unknown}
 C - a potion of lignification {unknown}
 F - a potion of mutation {unknown}
 H - 2 potions of magic
 O - 2 potions of ambrosia {unknown}


   Skills:
 + Level 4.0 Fighting
 + Level 8.2 Short Blades
 + Level 8.1 Dodging
 + Level 18.1 Stealth
 + Level 11.9 Spellcasting
 + Level 1.1 Conjurations
 + Level 11.2 Hexes
 + Level 1.5 Translocations
 + Level 5.4 Ice Magic


You had 13 spell levels left.
You knew the following spells:

 Your Spells              Type           Power      Damage    Failure   Level
a - Ensorcelled Hibernat  Hex/Ice        94%        N/A       1%          2
b - Confusing Touch       Hex            56%        N/A       1%          3
c - Tukima's Dance        Hex            56%        N/A       1%          3
d - Dazzling Flash        Conj/Hex       76%        N/A       1%          3
e - Slow                  Hex            100%       N/A       1%          1
f - Vampiric Draining     Necr           12%        2d6       16%         3
g - Blink                 Tloc           38%        N/A       4%          2
h - Iskenderun's Mystic   Conj/Tloc      18%        2d6       30%         4

Your spell library contained the following spells:

 Spells                   Type           Power      Damage    Failure   Level
 Apportation              Tloc           38%        N/A       2%          1
 Silence                  Hex/Air        18%        N/A       14%         5
 Manifold Assault         Tloc           19%        N/A       61%         5
 Agony                    Necr           12%        N/A       82%         5
 Alistair's Intoxication  Tmut/Pois      8%         N/A       83%         5
 Starburst                Conj/Fire      7%         6d4       100%        6
 Storm Form               Tmut/Air       6%         N/A       100%        7


Dungeon Overview and Level Annotations

Branches:
Dungeon (11/15)            Temple (0/1) D:7            Lair (2/5) D:11
  Snake (0/4) Lair:2
  Swamp: Lair:2-3    Shoals: Lair:2-3       Orc: D:9-12

Altars:
Dithmenos
Fedhas
Gozag
Qazlal
Trog
Uskayaw
Vehumet
Yredelemnul

Shops:
D:1 !   D:6 :

Annotations:
Lair:2 Amaemon


Innate Abilities, Weirdness & Mutations

You are very small and have problems with some larger weapons.
You are too small for most types of armour.
You have supernaturally acute eyesight. (SInv)
You cover ground extremely quickly. (Speed+++)


Message History

Amaemon hits you with a -1 demon whip of venom.
Amaemon barely misses you. Amaemon completely misses you.
The blink frog closely misses you.
You closely miss Amaemon.
Amaemon is lightly wounded.
You feel sick.
You hit Amaemon.
Amaemon looks even sicker.
Amaemon is lightly wounded.
You feel sick. The blink frog completely misses you.
Amaemon hits you with a -1 demon whip of venom!
* * * LOW HITPOINT WARNING * * *
Amaemon claws you!
* * * LOW HITPOINT WARNING * * *
Amaemon completely misses you.
Amaemon closely misses himself.
Amaemon barely misses himself.
Amaemon tail-slaps himself.
Okay, then.
As you read the scroll of fear, it crumbles to dust.
You assume a fearsome visage.
The blink frog looks frightened!
Amaemon looks frightened!
* * * LOW HITPOINT WARNING * * *
You feel sick.
The blink frog blinks! x2
* * * LOW HITPOINT WARNING * * *
You feel sick.
You're wearing all the rings you can.
Remove which one? (? for menu, Esc to cancel) < or
B - a +6 ring of intelligence; > or
e - a ring of poison resistance You remove your +6 ring of intelligence.
You feel stupid.
* * * LOW HITPOINT WARNING * * *
You feel sick.
c - a ring of poison resistance (left hand)
* * * LOW HITPOINT WARNING * * *
You feel sick.
You feel protected.
* * * LOW HITPOINT WARNING * * *
You feel sick.
It was a potion of flight.
You feel very buoyant.
You fly up into the air.
You die...

###P #.###$...# ##.(.... ###P...
###........### #...... #P..P..
#.#........#.# #...... #......
#.......[...## #P...##
#......###...<.....### ##...##
#....(..........#### #....#
#....#.......#...# ####....
#..........##.### #####.#.....
#......#...#.@# ##.##.....#..
###....#.[....# #.#...~.~....
##.......P.## ##.~~~~~..[##
######.....6....# ##.~~~~~~~...#
#......#.......####.~~~...~~~.##
##.....#..#....###.~~~~...P~~~#
..#...P.(.###....#..~~......~~~#
............#.......~~.~.>.~~~~#
...................~~~.......~~#


You could see Amaemon (confused, fleeing, very poisoned).

Vanquished Creatures
  Harold (D:11)
  A boulder beetle (Lair:1)
  Erica (D:9)
  Lodul (D:11)
  A lindwurm (Lair:1)
  An ugly thing (D:11)
  3 elephants (Lair:1)
  2 black mambas
  An orange demon (Lair:2)
  7 cane toads
  Psyche (D:11)
  3 kobold demonologists (D:11)
  7 komodo dragons
  A troll (D:10)
  A queen bee (shapeshifter) (D:11)
  A polar bear (Lair:2)
  A shadow (D:10)
  6 wyverns
  2 wraiths
  A vampire (D:11)
  4 steam dragons
  5 basilisks
  33 yaks
  4 vampire mosquitoes (D:11)
  A naga (Lair:2)
  3 wargs
  An acid dragon (D:11)
  4 water moccasins
  3 orc warriors
  A sky beast (D:6)
  8 ogres
  4 wolves (Lair:2)
  5 phantoms
  3 kobold brigands
  A gnoll sergeant (D:8)
  11 bullfrogs
  3 scorpions
  7 wights
  2 howler monkeys
  An electric eel (D:10)
  9 orc priests
  A hound (D:4)
  2 jellies
  4 iguanas
  A scorpion zombie (D:4)
  3 orc wizards
  4 hell rats (Lair:2)
  2 hound zombies (D:4)
  4 adders
  13 gnolls
  A shadow imp (D:5)
  An ufetubus (D:6)
  An adder zombie (D:4)
  A worm (D:2)
  3 dart slugs
  36 orcs
  10 ball pythons
  6 endoplasms
  3 giant cockroaches
  6 goblins
  5 hobgoblins
  2 quokkas
  4 bats
  A frilled lizard (D:2)
  18 kobolds
  A quokka zombie (D:4)
  4 rats
293 creatures vanquished.

Vanquished Creatures (collateral kills)
  An ogre (D:4)
  A wight (D:7)
2 creatures vanquished.

Vanquished Creatures (others)
  4 dancing weapons
  A kobold brigand (D:11)
  12 fungi
  14 plants
31 creatures vanquished.

Grand Total: 326 creatures vanquished

Notes
Turn   | Place    | Note
-------+----------+-------------------------------------------
     0 | D:1      | drpainis the Spriggan Enchanter began the quest for the
                  | Orb.
     0 | D:1      | Reached XP level 1. HP: 9/9 MP: 5/5
   316 | D:1      | Reached XP level 2. HP: 6/13 MP: 6/6
   784 | D:1      | Found Yxuclecs's Distillery.
  1111 | D:1      | Learned a level 2 spell: Ensorcelled Hibernation
  1129 | D:1      | Reached XP level 3. HP: 17/17 MP: 1/8
  2088 | D:2      | Learned a level 3 spell: Confusing Touch
  2092 | D:2      | Learned a level 3 spell: Tukima's Dance
  2600 | D:2      | Reached skill level 5 in Stealth
  2708 | D:2      | Reached XP level 4. HP: 21/21 MP: 10/10
  4013 | D:3      | Reached XP level 5. HP: 25/25 MP: 11/11
  4516 | D:3      | Found a faded altar of an unknown god.
  4930 | D:4      | Noticed an ogre
  4933 | D:4      | Reached skill level 1 in Ice Magic
  4952 | D:4      | Killed an ogre
  4953 | D:4      | Reached skill level 6 in Stealth
  5047 | D:4      | Reached XP level 6. HP: 29/29 MP: 7/12
  5410 | D:4      | Found a basalt altar of Yredelemnul.
  5538 | D:4      | Found a bloodstained altar of Trog.
  5978 | D:4      | Reached skill level 7 in Stealth
  6077 | D:4      | Found a blossoming altar of Fedhas.
  6085 | D:4      | Reached skill level 1 in Fighting
  6496 | D:5      | Entered Level 5 of the Dungeon
  6524 | D:5      | Reached XP level 7. HP: 13/33 MP: 9/14
  6939 | D:5      | Reached skill level 5 in Hexes
  7116 | D:5      | Reached skill level 8 in Stealth
  7241 | D:5      | Reached skill level 5 in Spellcasting
  7785 | D:5      | Reached skill level 9 in Stealth
  7955 | D:5      | Reached XP level 8. HP: 37/37 MP: 16/16
  8500 | D:6      | Found a shadowy altar of Dithmenos.
  8506 | D:6      | Became a worshipper of Dithmenos the Shadowed
  8575 | D:6      | Reached skill level 10 in Stealth
  8869 | D:6      | Reached skill level 5 in Short Blades
  9101 | D:6      | Learned a level 3 spell: Dazzling Flash
  9272 | D:6      | Reached skill level 5 in Dodging
  9820 | D:6      | Found Mipisasu's Book Boutique.
  9830 | D:6      | Bought a book of Party Tricks for 224 gold pieces
 10088 | D:7      | Reached skill level 11 in Stealth
 10218 | D:7      | Reached XP level 9. HP: 42/42 MP: 18/18
 10223 | D:7      | Found a staircase to the Ecumenical Temple.
 10494 | D:7      | Reached * piety under Dithmenos
 10871 | D:7      | Found an opulent altar of Gozag.
 11960 | D:8      | Reached skill level 12 in Stealth
 12192 | D:8      | Found a stormy altar of Qazlal.
 12885 | D:9      | Found a radiant altar of Vehumet.
 13745 | D:9      | Noticed Erica
 13765 | D:9      | Killed Erica
 13766 | D:9      | Reached skill level 13 in Stealth
 13766 | D:9      | Reached XP level 10. HP: 30/49 MP: 3/21
 14956 | D:6      | Bought a book of Debilitation for 280 gold pieces
 14961 | D:6      | Learned a level 1 spell: Slow
 14975 | D:6      | Learned a level 3 spell: Vampiric Draining
 15045 | D:10     | Entered Level 10 of the Dungeon
 15318 | D:10     | Found a hide-covered altar of Uskayaw.
 16104 | D:10     | Learned a level 2 spell: Blink
 16466 | D:10     | Reached ** piety under Dithmenos
 16472 | D:10     | Reached skill level 14 in Stealth
 16472 | D:10     | Reached skill level 1 in Translocations
 17225 | D:11     | Reached XP level 11. HP: 49/53 MP: 16/25
 17774 | D:11     | Noticed Harold
 17781 | D:11     | Killed Harold
 18653 | D:11     | Noticed Lodul
 18664 | D:10     | Reached skill level 15 in Stealth
 19040 | D:11     | Noticed a brown ugly thing
 19402 | D:11     | Killed a brown ugly thing
 19532 | D:11     | Found a staircase to the Lair.
 20107 | D:11     | Killed Lodul
 20275 | D:11     | Noticed Psyche
 20279 | D:11     | Killed Psyche
 20427 | D:11     | Reached skill level 1 in Conjurations
 20675 | D:11     | Reached skill level 16 in Stealth
 20675 | D:11     | Reached skill level 10 in Spellcasting
 21725 | Lair:1   | Entered Level 1 of the Lair of Beasts
 21828 | Lair:1   | Noticed a lindwurm
 21866 | Lair:1   | Reached *** piety under Dithmenos
 21867 | Lair:1   | Noticed a boulder beetle
 22062 | Lair:1   | Reached XP level 12. HP: 47/58 MP: 18/27
 22224 | Lair:1   | Killed a boulder beetle
 22225 | Lair:1   | Reached skill level 10 in Hexes
 22254 | Lair:1   | Reached skill level 17 in Stealth
 22518 | Lair:1   | Reached skill level 5 in Ice Magic
 23225 | Lair:1   | Learned a level 4 spell: Iskenderun's Mystic Blast
 24723 | Lair:2   | Reached **** piety under Dithmenos
 25113 | Lair:2   | Found a staircase to the Snake Pit.
 25150 | Lair:2   | Reached skill level 18 in Stealth
 25192 | Lair:2   | Noticed Amaemon
 25994 | Lair:2   | HP: 2/58 [poisoned by Amaemon]
 25996 | Lair:2   | Succumbed to Amaemon's poison

Illustrated notes

Levels and vault maps discovered:
D:1:      dpeg_arrival_shelter, layout_basic, serial_shops, shop
D:2:      layout_basic, minmay_crystal_water
D:3:      layout_loops_corners, serial_rivers, chequers_serial_rivers_small_b,
          chequers_serial_rivers_small_3, chequers_serial_rivers_micro_b,
          chequers_serial_rivers_small_a, shapermc_ecumenical_altar_notcrosses,
          minivault_23, serial_bayou_ford_a, grunt_ministairs_9
D:4:      layout_cave_pods, nicolae_yredelemnul_corpse_copse,
          nicolae_overflow_crystal_walls, trog_book, dreamdust_princess_bridge
D:5:      layout_gridville, serial_park_tiny_2
D:6:      layout_basic, grunt_dithmenos_shadows, serial_shops,
          nicolae_diamond_shop
D:7:      layout_basic, nicolae_gozag_cash_rules_everything_around_me,
          minmay_temple_entry_mini_moons
D:8:      layout_basic, nicolae_qazlal_style_of_elements
D:9:      layout_basic, lemuel_crystal_altar, hangedman_decor_clover_reticule,
          uniq_erica
D:10:     argonaut_augean_stables, layout_basic, nicolae_uskayaw_dance_hall
D:11:     layout_loops_cross, erik_lair_orcish_takeover, uniq_lodul,
          uniq_psyche, uniq_harold
Lair:1:   layout_cave_shapes, serial_bayou_pond_d, grunt_megastairs_2
Lair:2:   layout_misc_corridors, minmay_shoals_entry_hut,
          guppyfry_snake_entry_island, nzn_random_ring, uniq_amaemon

Skill      XL: |  1  2  3  4  5  6  7  8  9 10 11 12 |
---------------+-------------------------------------+-----
Hexes          | 4 5 7 8 9 11 | 11.2
Short Blades   | 2 3 4 5 6 7 8 |  8.2
Dodging        | 3 4 5 6 7 8 |  8.1
Spellcasting   | 3 4 5 7 9 10 11 | 11.9
Stealth        | 5 6 7 9 11 13 14 16 18 | 18.1
Ice Magic      | 1 2 3 4 5 |  5.4
Fighting       | 1 2 3 4 |  4.0
Translocations | 1 |  1.5
Conjurations   | 1 |  1.1

Action                   |  1- 3 |  4- 6 |  7- 9 | 10-12 || total
-------------------------+-------+-------+-------+-------++-------
Melee: Dagger            |    83 |   149 |   317 |   391 ||   940
       Punch             |       |     3 |     5 |     8 ||    16
 Cast: Ensorcelled Hiber |    12 |    28 |    38 |   143 ||   221
       Confusing Touch   |     1 |     1 |     9 |    22 ||    33
       Tukima's Dance    |       |     3 |     5 |     4 ||    12
       Dazzling Flash    |       |       |    11 |    28 ||    39
       Blink             |       |       |       |     5 ||     5
       Vampiric Draining |       |       |       |     2 ||     2
       Slow              |       |       |       |     4 ||     4
       Iskenderun's Myst |       |       |       |     1 ||     1
  Use: Scroll            |       |     1 |     9 |    10 ||    20
       Potion            |       |       |     6 |    14 ||    20
 Stab: Sleeping          |    12 |    31 |    36 |    86 ||   165
       Confused          |     1 |     1 |     7 |    13 ||    22
       Invisible         |       |       |    10 |    13 ||    23
       Distracted        |       |       |     1 |       ||     1
Armor: Robe              |     9 |    12 |    20 |    15 ||    56
Dodge: Dodged            |    55 |   105 |   219 |   334 ||   713

Table legend: (Time is in decaauts)
 A = Elapsed time spent in this place.
 B = Non-inter-level travel time spent in this place.
 C = Inter-level travel time spent in this place.
 D = Time resting spent in this place.
 E = Time spent auto-exploring this place.
 F = Levels seen in this place.
 G = Mean time per level.
                   A        B        C        D        E       F      G
               +--------+--------+--------+--------+--------+-----+--------+
         Total |  22094 |  21677 |    417 |  14690 |   4145 |  13 | 1699.5 |
       Dungeon |  18453 |  18037 |    416 |  11848 |   3964 |  11 | 1677.5 |
          Lair |   3640 |   3640 |      0 |   2842 |    180 |   2 | 1820.0 |
               +--------+--------+--------+--------+--------+-----+--------+

Top non-repeatable levels by time:
    D:11: 3157 daAuts
    D:10: 2734 daAuts
  Lair:1: 2690 daAuts
     D:9: 1905 daAuts
     D:1: 1629 daAuts
     D:6: 1532 daAuts
     D:5: 1465 daAuts
     D:3: 1364 daAuts
     D:7: 1351 daAuts
     D:4: 1217 daAuts
     D:2: 1102 daAuts
     D:8: 992 daAuts
  Lair:2: 950 daAuts
